 Dungeon Crawl Stone Soup version 0.27-a0-520-gb83adbd1c9 (webtiles) character file.

Game seed: 14434646697273635642

2926 Leibowitz the Covert (level 10, -5/53 HPs)
             Began as a Kobold Enchanter on Mar 4, 2021.
             Was a Believer of Sif Muna.
             Blown up by a gnoll (32 damage)
             ... with a mindburst bolt
             ... on level 8 of the Dungeon.
             The game lasted 00:28:11 (9472 turns).

Leibowitz the Covert (Kobold Enchanter)             Turns: 9472, Time: 00:28:11

Health: -5/53      AC:  5    Str:  5    XL:     10   Next: 7%
Magic:  4/19       EV: 16    Int: 19    God:    Sif Muna [**....]
Gold:   155        SH:  0    Dex: 17    Spells: 15/21 levels left

rFire    . . .     SeeInvis .   y - +2 short sword (freeze)
rCold    . . .     Faith    .   (shield restricted)
rNeg     . . .     Spirit   .   b - +0 robe
rPois    .         Reflect  .   (no helmet)
rElec    .         Harm     .   o - scarf {repulsion}
rCorr    .         Rampage  .   (no gloves)
Will     .....                  E - +2 pair of boots
Stlth    ++++++....             g - amulet of the acrobat
HPRegen  0.17/turn              (no ring)
MPRegen  0.16/turn              (no ring)

@: repel missiles
A: small, nightstalker 3
a: Renounce Religion, Channel Magic


You were on level 8 of the Dungeon.
You worshipped Sif Muna.
Sif Muna was pleased with you.
You visited 2 branches of the dungeon, and saw 9 of its levels.

You collected 275 gold pieces.
You spent 120 gold pieces at shops.

Inventory:

Hand Weapons
 a - a +1 dagger of holy wrath
 y - a +2 short sword of freezing (weapon)
Armour
 b - a +0 robe (worn)
 o - a scarf of repulsion (worn)
 E - a +2 pair of boots (worn)
Jewellery
 g - an amulet of the acrobat (around neck)
 r - a ring of fire
Wands
 C - a wand of polymorph (7)
 F - a wand of digging (6)
Scrolls
 c - 3 scrolls of amnesia {unknown}
 d - 2 scrolls of immolation {unknown}
 f - a scroll of random uselessness {unknown}
 i - 5 scrolls of identify {unknown}
 k - 2 scrolls of noise {unknown}
 l - 2 scrolls of fog {unknown}
 n - 5 scrolls of teleportation
 p - a scroll of blinking {unknown}
 s - a scroll of fear {unknown}
 u - 2 scrolls of enchant weapon {unknown}
 D - a scroll of silence {unknown}
Potions
 e - a potion of flight {unknown}
 h - 2 potions of lignification {unknown}
 q - 2 potions of degeneration {unknown}
 t - a potion of resistance {unknown}
 v - a potion of cancellation {unknown}
 w - a potion of curing
 z - a potion of haste {unknown}
 A - a potion of might {unknown}
 B - a potion of attraction {unknown}


   Skills:
 + Level 2.0 Fighting
 * Level 7.3 Short Blades
 + Level 3.0 Dodging
 + Level 11.5 Stealth
 * Level 6.1 Spellcasting
 * Level 6.9 Hexes
 + Level 1.9 Ice Magic


You had 15 spell levels left.
You knew the following spells:

 Your Spells              Type           Power        Failure   Level
a - Corona                Hex            35%          1%          1
b - Ensorcelled Hibernat  Hex/Ice        44%          2%          2
c - Confusing Touch       Hex            32%          1%          3

Your spell library contained the following spells:

 Spells                   Type           Power        Failure   Level
 Tukima's Dance           Hex            32%          1%          3
 Dazzling Flash           Conj/Hex       38%          8%          3


Dungeon Overview and Level Annotations

Branches:
Dungeon (8/15)             Temple (1/1) D:5
   Lair: D:8-11

Altars:
Makhleb
Nemelex Xobeh
Qazlal
Sif Muna
Trog
Uskayaw
Zin

Shops:
D:5 [   D:6 !

Annotations:
D:6 2 transporters


Innate Abilities, Weirdness & Mutations

You are small and have problems with some larger weapons.
You are completely attuned to the shadows.


Message History

The orc closely misses you.
You hit the orc but do no damage.
The orc is almost dead.
The orc closely misses you.
You barely miss the orc.
The orc is almost dead.
The orc closely misses you. The orc barely misses you.
You hit the orc. You freeze the orc.
You kill the orc!
Sif Muna accepts your kill.
Items here: ! $ ( ).
A gnoll comes into view.
It is carrying a wand of mindburst (20).
The gnoll shouts!
You hit the orc. You freeze the orc.
The orc is severely wounded.
The orc closely misses you.
You barely miss the orc.
The orc is severely wounded.
You hit the orc but do no damage.
The orc is severely wounded.
The orc hits you with a +0 mace.
* * * LOW HITPOINT WARNING * * *
You hit the orc but do no damage.
The orc is severely wounded.
The orc closely misses you.
You hit the orc but do no damage.
The orc is severely wounded.
You closely miss the orc.
The orc is severely wounded.
The gnoll completely misses you. The orc misses you.
You hit the orc. You freeze the orc.
You kill the orc!
Sif Muna accepts your kill. The gnoll hits you.
* * * LOW HITPOINT WARNING * * *
Unknown command.
You feel much better. The orc hits you but does no damage.
The gnoll zaps a wand.
Your mind is blasted!
Ouch! That really hurt!
You die...

.........
.........
........
###+#......
........#
####.#.##.#
......[.....
###o#.##.#.
#@#o# #
#g#.# ..#.#
...# ....#


You could see a gnoll and an orc.

Vanquished Creatures
  An ugly thing (D:7)
  3 orc warriors
  An ice beast (D:7)
  A necrophage (D:5)
  A sky beast (D:5)
  3 centaurs
  A bullfrog (D:5)
  A water moccasin zombie (D:6)
  A wyvern skeleton (D:6)
  A scorpion (D:4)
  4 killer bees (D:8)
  An electric eel (D:8)
  3 howler monkeys
  4 wights (D:6)
  A centaur zombie (D:6)
  A quasit (D:5)
  5 orc priests
  3 hounds
  2 bullfrog skeletons
  3 iguanas
  3 orc wizards
  Natasha (thrice) (D:4)
  3 worker ants
  A killer bee zombie (D:6)
  3 hound zombies
  2 worker ant zombies
  Robin (D:2)
  4 gnolls (D:8)
  7 adders
  A shadow imp (D:7)
  A white imp (D:6)
  2 ufetubi (D:7)
  3 oozes
  3 adder skeletons
  3 worms
  2 dart slugs (D:1)
  7 leopard geckos
  23 orcs
  6 giant cockroaches
  17 goblins
  10 hobgoblins
  10 jackals
  2 quokkas
  2 ball pythons
  15 bats
  4 frilled lizards
  A jackal skeleton (D:6)
  8 kobolds
  10 rats
198 creatures vanquished.

Vanquished Creatures (others)
  An orc (D:6)
1 creature vanquished.

Grand Total: 199 creatures vanquished

Notes
Turn   | Place    | Note
-------+----------+-------------------------------------------
     0 | D:1      | Leibowitz the Kobold Enchanter began the quest for the Orb.
     0 | D:1      | Reached XP level 1. HP: 10/10 MP: 3/3
   387 | D:1      | Reached XP level 2. HP: 5/15 MP: 1/5
   390 | D:1      | Learned a level 2 spell: Ensorcelled Hibernation
   834 | D:1      | Reached XP level 3. HP: 19/19 MP: 6/6
   838 | D:1      | Learned a level 3 spell: Confusing Touch
  1288 | D:1      | Reached skill level 5 in Stealth
  1867 | D:2      | Reached XP level 4. HP: 22/24 MP: 2/7
  2450 | D:2      | Reached skill level 6 in Stealth
  3271 | D:2      | Reached XP level 5. HP: 28/28 MP: 7/9
  3661 | D:2      | Noticed Robin
  3665 | D:2      | Killed Robin
  4344 | D:3      | Reached XP level 6. HP: 33/33 MP: 10/10
  4595 | D:3      | Found a glowing silver altar of Zin.
  4745 | D:3      | Found a sparkling altar of Nemelex Xobeh.
  4829 | D:4      | Reached skill level 7 in Stealth
  4894 | D:4      | Noticed Natasha
  4898 | D:4      | Killed Natasha
  4922 | D:4      | Found a bloodstained altar of Trog.
  4948 | D:4      | Noticed Natasha
  4952 | D:4      | Killed Natasha
  5002 | D:4      | Reached XP level 7. HP: 37/37 MP: 11/11
  5202 | D:4      | Noticed Natasha
  5214 | D:4      | Killed Natasha
  5215 | D:4      | Reached skill level 5 in Short Blades
  5686 | D:5      | Entered Level 5 of the Dungeon
  6101 | D:5      | Found a staircase to the Ecumenical Temple.
  6107 | Temple   | Entered the Ecumenical Temple
  6120 | Temple   | Became a worshipper of Sif Muna the Loreminder
  6289 | D:5      | Reached skill level 8 in Stealth
  6289 | D:5      | Reached skill level 5 in Hexes
  6289 | D:5      | Reached XP level 8. HP: 42/42 MP: 13/13
  6550 | D:5      | Found Budutewo's Antique Armour Emporium.
  6664 | D:6      | Reached skill level 9 in Stealth
  6707 | D:6      | Found Sasihibu's Distillery.
  6819 | D:6      | Reached skill level 1 in Fighting
  6982 | D:6      | Reached skill level 1 in Ice Magic
  6983 | D:6      | Bought a potion of curing for 45 gold pieces
  6983 | D:6      | Bought a potion of heal wounds for 75 gold pieces
  7143 | D:6      | Found a transporter.
  7195 | D:6      | Reached * piety under Sif Muna
  7258 | D:6      | Reached skill level 5 in Spellcasting
  7258 | D:6      | Reached XP level 9. HP: 31/47 MP: 7/16
  7645 | D:6      | Reached skill level 10 in Stealth
  7953 | D:6      | Found a transporter.
  8182 | D:7      | Noticed a cyan ugly thing
  8186 | D:7      | Killed a cyan ugly thing
  8868 | D:7      | Reached skill level 11 in Stealth
  9188 | D:8      | Reached ** piety under Sif Muna
  9191 | D:8      | Reached XP level 10. HP: 25/53 MP: 11/18
  9430 | D:8      | HP: 1/53 [killer bee (6)]
  9472 | D:8      | Blown up by a gnoll

Illustrated notes

Levels and vault maps discovered:
D:1:      dpeg_arrival_simpleton_a, layout_basic
D:2:      minmay_chambers_of_twos, layout_basic, grunt_ministairs_3,
          kennysheep_boxes, uniq_robin
D:3:      layout_loops_cross, overflow_temple_1_default,
          lemuel_coloured_pillars_altar
D:4:      layout_rooms, bloody_trog, kennysheep_small_square, uniq_natasha
D:5:      layout_cave_pools, minmay_temple_entry_water_ring, serial_shops,
          kennysheep_mini, ebering_dispersal_statue_hall, minmay_small_thing
D:6:      gammafunk_cloud_chamber, layout_loops_cross, serial_shops,
          shop_fountains, amcnicky_mini_pool_small
D:7:      cheibrodos_iron_armory, layout_gridville
D:8:      layout_basic, gammafunk_temple_overflow_elements, uniq_gastronok
Temple:   eino_temple_rhombus

Skill      XL: |  1  2  3  4  5  6  7  8  9 10 |
---------------+-------------------------------+-----
Stealth        | 5 6 7 8 9 11 | 11.5
Short Blades   | 2 4 5 6 7 |  7.3
Spellcasting   | 3 5 6 |  6.1
Hexes          | 4 5 6 |  6.9
Fighting       | 1 2 |  2.0
Ice Magic      | 1 |  1.9
Dodging        | 3 |  3.0

Action                   |  1- 3 |  4- 6 |  7- 9 | 10-12 || total
-------------------------+-------+-------+-------+-------++-------
Melee: Dagger            |    81 |   159 |   154 |       ||   394
       Short sword       |       |       |    55 |    37 ||    92
 Cast: Corona            |     4 |       |       |       ||     4
       Ensorcelled Hiber |    11 |    16 |    20 |    11 ||    58
       Confusing Touch   |     4 |    17 |    22 |     3 ||    46
  Use: Potion            |       |       |       |     6 ||     6
       Scroll            |       |       |       |     1 ||     1
 Stab: Sleeping          |    24 |    47 |    60 |     4 ||   135
       Confused          |     1 |    11 |    19 |     2 ||    33
       Distracted        |       |     1 |     3 |       ||     4
Armor: Robe              |     4 |    12 |     6 |    10 ||    32
Dodge: Dodged            |    50 |    82 |    98 |    73 ||   303

Table legend: (Time is in decaauts)
 A = Elapsed time spent in this place.
 B = Non-inter-level travel time spent in this place.
 C = Inter-level travel time spent in this place.
 D = Time resting spent in this place.
 E = Time spent auto-exploring this place.
 F = Levels seen in this place.
 G = Mean time per level.
                   A        B        C        D        E       F      G
               +--------+--------+--------+--------+--------+-----+--------+
         Total |   9420 |   9179 |    241 |   1526 |   6179 |   9 | 1046.7 |
       Dungeon |   9396 |   9164 |    232 |   1526 |   6171 |   8 | 1174.5 |
        Temple |     23 |     14 |      9 |      0 |      8 |   1 |   23.0 |
               +--------+--------+--------+--------+--------+-----+--------+

Top non-repeatable levels by time:
     D:2: 2200 daAuts
     D:1: 1691 daAuts
     D:6: 1290 daAuts
     D:7: 1198 daAuts
     D:5: 966 daAuts
     D:3: 945 daAuts
     D:4: 851 daAuts
     D:8: 252 daAuts
  Temple: 23 daAuts
